Map: [ESL] Site Delta

Players

Spirit (souL) - Winner!

  • Race: Terran Terran
  • League: Master
  • Spawn Location: 5:00

ForJumY

  • Race: Protoss Protoss
  • League: Grandmaster
  • Spawn Location: 11:00

Event: HomeStory Cup XXIV

VOD

Have the link to the VOD?

Description

Time

  • Played on: Dec. 2, 2023, 7:17 a.m.
  • Length: 10:39

All games in this series

Show
View Real Time Build Order
Export as new Build Order

Spirit Terran - Winner!

Build Orders:  

Get SALT Encoding   

  12  0:00  SCV  
  13  0:12  SCV  
  14  0:17  Supply Depot  
  14  0:24  SCV  
  15  0:38  SCV  
  15  0:41  Barracks  
  16  0:44  Refinery  
  16  0:50  SCV  
  17  1:02  SCV  
  18  1:14  SCV  
  19  1:27  Marine  
  19  1:28  Orbital Command  
  20  1:45  Reaper  
  20  1:46  Command Center  
  21  1:54  SCV  
  21  1:58  Supply Depot  
  22  2:06  SCV  
  23  2:11  Factory  
  23  2:19  SCV, Marine, Refinery  
  25  2:25  Bunker  
  25  2:31  SCV  
  26  2:37  Barracks Reactor  
  26  2:43  SCV  
  27  2:56  Hellion  
  29  2:59  Orbital Command  
  29  3:03  Starport  
  29  3:05  SCV  
  29  3:13  Marine  
  29  3:14  Marine  
  29  3:17  SCV  
  29  3:19  Widow Mine  
  34  3:27  SCV  
  34  3:29  SCV  
  36  3:35  Marine  
  36  3:36  Marine  
  36  3:39  SCV  
  40  3:41  SCV  
  40  3:44  Widow Mine  
  42  3:48  Medivac  
  42  3:50  Supply Depot  
  42  3:51  SCV  
  42  3:53  Marine  
  46  4:06  Factory Tech Lab  
  46  4:08  Supply Depot  
  46  4:09  Refinery  
  46  4:11  Barracks, SCV x2, Marine x2  
  50  4:17  Supply Depot  
  50  4:20  Starport Tech Lab  
  50  4:23  SCV  
  50  4:24  SCV  
  52  4:28  Engineering Bay  
  52  4:29  Siege Tank, Marine  
  52  4:30  Marine  
  57  4:36  SCV x2  
  57  4:38  Raven  
  59  4:44  Bunker  
  59  4:48  SCV  
  59  4:51  Supply Depot, SCV  
  61  4:57  Marine x2  
  63  5:01  Barracks Tech Lab  
  63  5:02  Siege Tank  
  63  5:05  SCV  
  63  5:07  Supply Depot  
  66  5:14  Marine  
  66  5:15  Marine  
  66  5:22  Marine  
  66  5:26  Viking  
  66  5:27  SCV x2  
  69  5:32  Marine  
  69  5:33  Marine  
  71  5:39  Stimpack, Marine, SCV x2  
  71  5:41  Barracks  
  74  5:47  Supply Depot  
  74  5:50  Marine  
  74  5:51  SCV, Marine  
  74  5:52  SCV  
  74  5:57  Marine  
  74  6:03  SCV  
  76  6:05  SCV  
  76  6:06  Terran Infantry Weapons Level 1  
  76  6:07  Missile Turret  
  76  6:08  Marine, Refinery  
  76  6:09  Marine  
  79  6:11  Starport Reactor  
  79  6:13  Factory Reactor  
  79  6:15  SCV  
  80  6:22  Command Center  
  80  6:26  Marauder, Marine  
  80  6:29  SCV  
  80  6:31  SCV  
  85  6:33  Marine  
  86  6:41  SCV  
  86  6:43  SCV  
  86  6:46  Barracks, Combat Shield  
  90  6:47  Marauder  
  90  6:48  Barracks, Marauder  
  90  6:51  Medivac  
  94  6:58  Supply Depot  
  94  7:00  Supply Depot  
  94  7:12  Missile Turret  
  94  7:20  Supply Depot, Marauder x2, Medivac, Marine, SCV  
  94  7:22  Widow Mine x2, SCV  
  107  7:27  Medivac  
  107  7:28  Marine  
  110  7:34  SCV x2  
  112  7:40  Barracks Reactor  
  112  7:41  Marauder, Concussive Shells, Marine  
  112  7:42  Marauder x2  
  112  7:43  Widow Mine  
  112  7:44  Widow Mine  
  123  7:46  SCV x2  
  123  7:50  Viking  
  127  7:53  Marine  
  127  7:56  Viking  
  127  7:58  SCV x2  
  132  8:01  Orbital Command  
  132  8:07  Supply Depot  
  132  8:08  Terran Infantry Armor Level 1  
  132  8:09  Supply Depot  
  132  8:10  SCV  
  133  8:22  Bunker  
  133  8:24  Refinery  
  133  8:28  SCV x2, Medivac x2, Ghost Academy  
  133  8:29  Widow Mine  
  133  8:31  Marine, SCV  
  133  8:32  Marauder  
  144  8:37  Supply Depot  
  144  8:38  Marauder, Marine  
  144  8:40  SCV x2  
  149  8:43  Marauder, Marine, SCV  
  149  8:47  Marine, Widow Mine  
  155  8:53  SCV x2  
  157  8:58  Supply Depot, SCV  
  157  8:59  Marauder x2  
  157  9:01  Refinery  
  162  9:05  Supply Depot, Marauder, SCV  
  162  9:06  Marine  
  162  9:07  Marine, Supply Depot  
  162  9:09  SCV  
  153  9:10  SCV  
  153  9:15  Medivac x2  
  142  9:20  SCV  
  142  9:21  SCV  
  152  9:33  Ghost x2  
  152  9:34  Ghost, Marine x4  
  153  9:40  Supply Depot  
  153  9:42  Armory, Engineering Bay  
  152  9:45  Missile Turret  
  152  9:55  Command Center  
  152  10:01  Viking, Supply Depot x3  
  152  10:02  Ghost  
  152  10:07  Marauder, Marine  
  159  10:18  Marine  
  159  10:19  Marine  
  159  10:20  Marine  
Show
View Real Time Build Order
Export as new Build Order

ForJumY Protoss 

Build Orders: 1 Gate Expand 

Get SALT Encoding   

  12  0:00  Probe  
  13  0:12  Probe  
  14  0:16  Pylon  
  14  0:24  Probe (Chrono Boost)  
  15  0:34  Gateway  
  15  0:36  Probe (Chrono Boost)  
  16  0:45  Probe (Chrono Boost)  
  16  0:46  Assimilator  
  17  0:50  Probe  
  18  1:02  Probe  
  19  1:15  Probe  
  20  1:21  Cybernetics Core  
  20  1:34  Nexus  
  20  1:42  Pylon  
  20  1:45  Probe  
  21  1:53  Assimilator  
  20  1:56  Adept (Chrono Boost)  
  20  1:57  Probe  
  23  2:02  Warp Gate  
  23  2:09  Probe  
  24  2:18  Adept  
  24  2:22  Probe  
  27  2:26  Twilight Council  
  27  2:34  Probe  
  28  2:46  Gateway, Probe x2 (Chrono Boost)  
  30  2:55  Probe (Chrono Boost)  
  30  2:56  Probe (Chrono Boost)  
  32  3:00  Probe (Chrono Boost)  
  32  3:01  Probe (Chrono Boost)  
  34  3:12  Probe (Chrono Boost)  
  35  3:13  Robotics Facility  
  35  3:19  Probe (Chrono Boost)  
  36  3:21  Probe (Chrono Boost)  
  36  3:25  Charge (Chrono Boost)  
  36  3:26  Probe (Chrono Boost)  
  38  3:27  Gateway  
  38  3:28  Probe  
  37  3:36  Gateway  
  37  3:39  Probe  
  38  3:44  Probe  
  39  3:51  Adept  
  39  3:53  Stalker  
  39  3:54  Pylon, Probe  
  44  4:02  Warp Prism  
  46  4:08  Pylon  
  46  4:12  Probe  
  46  4:13  Zealot  
  46  4:15  Probe  
  50  4:17  Zealot  
  50  4:21  Zealot  
  54  4:29  Probe  
  55  4:31  Zealot  
  55  4:34  Pylon  
  55  4:37  Probe  
  58  4:42  Nexus  
  58  4:46  Probe  
  58  4:48  Pylon  
  59  4:53  Observer  
  59  4:55  Probe  
  61  5:09  Zealot x4  
  61  5:10  Probe  
  61  5:12  Assimilator x2  
  70  5:19  Probe  
  61  5:26  Probe  
  61  5:27  Templar Archives  
  60  5:33  Stalker x2  
  62  5:36  Probe  
  62  5:38  Probe  
  64  5:46  Forge  
  64  5:49  Gateway  
  64  5:55  Probe x2 (Chrono Boost)  
  52  6:04  Probe (Chrono Boost)  
  52  6:07  Probe (Chrono Boost)  
  52  6:10  Gateway x2  
  55  6:11  Probe (Chrono Boost)  
  55  6:12  Probe (Chrono Boost)  
  55  6:14  High Templar x2  
  55  6:17  Psionic Storm  
  55  6:18  Probe (Chrono Boost)  
  61  6:19  Probe (Chrono Boost)  
  61  6:22  Probe (Chrono Boost)  
  63  6:28  Probe x2 (Chrono Boost)  
  63  6:39  Probe  
  64  6:44  Probe  
  65  6:48  High Templar  
  65  6:49  Probe  
  65  6:51  Probe  
  65  6:53  Protoss Ground Armor Level 1 (Chrono Boost)  
  69  6:56  Probe  
  69  6:57  Gateway  
  70  7:02  Probe  
  70  7:03  Pylon  
  70  7:06  Zealot x2  
  75  7:15  Observer  
  75  7:16  Probe  
  75  7:17  Probe  
  75  7:18  High Templar  
  75  7:21  Observer  
  77  7:24  Probe  
  77  7:27  High Templar  
  77  7:28  Zealot, Pylon  
  82  7:32  Gateway  
  82  7:35  Immortal (Chrono Boost), Pylon  
  79  7:43  Probe  
  84  7:44  Zealot x2  
  84  7:45  Probe  
  89  8:01  Zealot x5  
  89  8:04  High Templar x2  
  103  8:08  Archon  
  103  8:10  Pylon  
  103  8:12  Zealot  
  105  8:20  Probe x3  
  105  8:23  Pylon  
  108  8:32  High Templar x2, Probe  
  108  8:33  Zealot x4  
  121  8:36  Archon  
  121  8:39  Pylon  
  121  8:42  Pylon  
  121  8:54  Zealot x6  
  130  9:06  Warp Prism (Chrono Boost)  
  86  9:18  High Templar x3  
  82  9:30  High Templar, Probe  
  81  9:33  Warp Prism (Chrono Boost)  
  81  9:35  Zealot x5  
  93  9:44  Probe  
  93  9:45  Probe  
  95  9:57  Probe  
  96  10:00  Nexus  
  96  10:01  Zealot x4  
  96  10:02  High Templar  
  96  10:05  Pylon  
  80  10:30  Zealot x6  
  80  10:33  Archon x2  
Tags
 
Add a new tag
Caveats
  • Supply blocks, unpowered buildings, or Contaminate may cause inaccurate times.
  • Supply counts are checked every 10 seconds.